 Dungeon Crawl Stone Soup version 0.29.1-13-g9f3cf754e1 (webtiles) character file.

Game seed: 5417316821169635576

208 retardedninja the Shield-Bearer (level 5, -1/47 HPs)
             Began as a Minotaur Fighter on Jan 19, 2023.
             Succumbed to a water moccasin's poison
             ... on level 3 of the Dungeon.
             The game lasted 00:03:36 (2828 turns).

retardedninja the Shield-Bearer (Minotaur Fighter)  Turns: 2828, Time: 00:03:37

Health: -1/47      AC:  7    Str: 23    XL:     5   Next: 55%
Magic:  4/4        EV:  9    Int:  5    God:
Gold:   117        SH:  4    Dex:  9    Spells: 4/4 levels left

rFire   . . .      SeeInvis .   a - +0 war axe
rCold   . . .      Faith    .   c - +0 buckler
rNeg    . . .      Spirit   .   b - +0 scale mail
rPois   .          Reflect  .   (helmet restricted)
rElec   .          Harm     .   (no cloak)
rCorr   .          Rampage  .   (no gloves)
Will    .....                   (no boots)
Stlth   ..........              (no amulet)
HPRegen 0.15/turn               (no ring)
MPRegen 0.09/turn               (no ring)

@: lethally poisoned (-1 -> -3), on berserk cooldown, slowed, very slow
A: horns 2, retaliatory headbutt
a: no special abilities


You were on level 3 of the Dungeon.
You visited 1 branch of the dungeon, and saw 3 of its levels.

You collected 117 gold pieces.

Inventory:

Hand Weapons
 a - a +0 war axe (weapon)
Armour
 b - a +0 scale mail (worn)
 c - a +0 buckler (worn)
Jewellery
 e - a ring of flight
 i - an amulet of magic regeneration
Scrolls
 h - 3 scrolls of identify {unknown}
 j - a scroll of amnesia {unknown}
 l - a scroll of teleportation {unknown}
Potions
 d - a potion of might
 g - a potion of ambrosia {unknown}


   Skills:
 + Level 4.9 Fighting
 + Level 4.0 Axes
 + Level 4.8 Armour
 + Level 4.9 Shields


You had 4 spell levels left.
You didn't know any spells.
Your spell library contained the following spells:

 Spells                   Type           Power      Damage    Failure   Level
 Beastly Appendage        Tmut           0%         N/A       86%         1
 Wereblood                Tmut           0%         N/A       94%         2
 Gell's Gravitas          Tloc           0%         N/A       99%         3
 Spider Form              Tmut/Pois      0%         N/A       99%         3
 Teleport Other           Tloc           0%         N/A       99%         3
 Dispersal                Tloc           0%         N/A       100%        6


Dungeon Overview and Level Annotations

Branches:
Dungeon (3/15)

Altars:


Innate Abilities, Weirdness & Mutations

You have a pair of horns on your head.
You reflexively headbutt those who attack you in melee.


Message History

The water moccasin poisons you! The water moccasin barely misses you.
You feel better.
The water moccasin completely misses you.
You closely miss the water moccasin.
Your headbutt misses the water moccasin.
The water moccasin is almost dead.
You block the water moccasin's attack. The water moccasin bites you.
* * * LOW HITPOINT WARNING * * *
You are lethally poisoned!
The water moccasin poisons you!
You feel better. The water moccasin bites you.
* * * LOW HITPOINT WARNING * * *
You are lethally poisoned!
The water moccasin poisons you! The water moccasin closely misses you.
You slash the water moccasin!
You kill the water moccasin!
* * * LOW HITPOINT WARNING * * *
You feel very sick.
Your Axes skill increases to level 4!
You have reached level 5!
It was a potion of berserk rage.
A red film seems to cover your vision as you go berserk!
You feel yourself moving faster!
You feel mighty!
* * * LOW HITPOINT WARNING * * *
You feel sick.
You are too berserk!
You feel a strong urge to attack something.
Unknown command.
* * * LOW HITPOINT WARNING * * *
You feel sick.
Unknown command.
Unknown command.
Unknown command.
You feel your anger nearly subside.
* * * LOW HITPOINT WARNING * * *
You feel sick.
You are no longer berserk.
You are exhausted.
You feel yourself slow down.
You die...

....#.#...# #.# #.#.# #....
....#.###.# #.# #.#.#########...#
##..#......##.. ..#.##.....#.....
###.........#######.##.###.#.....
# #.######.. #.....##.# #.#.....
. ..# #.###.##..##.# #.#.....
#####...#.##.###.###.#..)..
........#.##.......#.#..†<.
..........@..###.#.#.#.....
....(..#.##### #.#...##+#.#
.......#.# #.##....†)..
.......#.. #........†..
.......##.# ####........ ####.##
.. #........ #. ##. #.)...... #.
. #........ #........


There were no monsters in sight!

Vanquished Creatures
  A water moccasin (D:3)
  An adder (D:2)
  4 gnolls
  A worm (D:3)
  A dart slug (D:3)
  5 endoplasms
  4 giant cockroaches
  3 goblins
  4 hobgoblins
  3 quokkas
  4 ball pythons
  4 bats
  4 frilled lizards
  7 kobolds
  4 rats
50 creatures vanquished.

Notes
Turn   | Place    | Note
-------+----------+-------------------------------------------
     0 | D:1      | retardedninja the Minotaur Fighter began the quest for the
                  | Orb.
     0 | D:1      | Reached XP level 1. HP: 19/19 MP: 0/0
   295 | D:1      | Reached XP level 2. HP: 27/27 MP: 1/1
   437 | D:1      | Found a faded altar of an unknown god.
   780 | D:1      | Reached XP level 3. HP: 13/33 MP: 2/2
  2111 | D:2      | Reached XP level 4. HP: 38/41 MP: 3/3
  2808 | D:3      | Noticed a water moccasin
  2822 | D:3      | Killed a water moccasin
  2823 | D:3      | Reached XP level 5. HP: 3/47 MP: 4/4
  2825 | D:3      | HP: 3/70 [poisoned by a water moccasin]
  2828 | D:3      | Succumbed to a water moccasin's poison

Illustrated notes

Levels and vault maps discovered:
D:1:      nzn_arrival_water_spiral, layout_rooms,
          shapermc_ecumenical_altar_ellora, corner_web_ring
D:2:      layout_basic
D:3:      layout_basic

Skill      XL: |  1  2  3  4 |
---------------+-------------+-----
Shields        | 4 |  4.9
Fighting       | 4 |  4.9
Axes           | 3 4 |  4.0
Armour         | 4 |  4.8

Action                   |  1- 3 |  4- 6 || total
-------------------------+-------+-------++-------
Melee: War axe           |    65 |    50 ||   115
       Headbutt          |     7 |     4 ||    11
  Use: Potion            |       |     4 ||     4
Armor: Scale mail        |    33 |    12 ||    45
Dodge: Dodged            |    26 |    21 ||    47
Block: Buckler           |    19 |    16 ||    35
